 Dungeon Crawl Stone Soup version 0.20-a0-668-g459c2b5 (webtiles) character file.

4713 DevlanMud the Grappler (level 10, -7/102 HPs)
             Began as a Troll Monk on Jan 9, 2017.
             Was a Priest of Ieoh Jian.
             Mangled by a crocodile (10 damage)
             ... on level 8 of the Dungeon.
             The game lasted 00:15:20 (5428 turns).

DevlanMud the Grappler (Troll Monk)                 Turns: 5428, Time: 00:15:21

Health: -7/102     AC: 10    Str: 23    XL:     10   Next: 22%
Magic:  13/13      EV: 11    Int:  7    God:    Ieoh Jian [***...]
Gold:   460        SH:  0    Dex: 17    Spells: 7/9 levels left

rFire  . . .     SeeInvis .       - Unarmed
rCold  . . .     Gourm    +     a - +0 robe
rNeg   . . .     Faith    .     (no shield)
rPois  .         Spirit   .     (helmet restricted)
rElec  .         Reflect  .     (no cloak)
rCorr  .         Harm     .     (gloves unavailable)
MR     .....                    (boots unavailable)
Stlth  ++........               o - amulet of magic regeneration
                                I - +5 ring of dexterity
                                c - +5 ring of protection

@: no status effects
A: unfitting armour, claws 3, fast metabolism 3, gourmand, regeneration 1,
shaggy fur 1, tough skin 2
a: Renounce Religion


You were on level 8 of the Dungeon.
You worshipped Ieoh Jian.
Ieoh Jian was most pleased with you.
You were completely stuffed.

You visited 2 branches of the dungeon, and saw 9 of its levels.

You collected 460 gold pieces.

Inventory:

Armour
 a - a +0 robe (worn)
Jewellery
 c - a +5 ring of protection (left claw)
 h - a +3 ring of intelligence
 o - an amulet of magic regeneration (around neck)
 x - an uncursed ring of protection from fire
 y - an uncursed ring of protection from cold
 I - a +5 ring of dexterity (right claw)
Wands
 k - a wand of flame (14/48)
 l - a wand of random effects (27/48)
 r - a wand of polymorph (10/24)
 C - a wand of polymorph (7/24)
 D - a wand of iceblast (5/15)
 F - a wand of disintegration (6/24)
 J - a wand of paralysis (16/24)
Scrolls
 d - 2 scrolls of identify
 e - 3 scrolls of teleportation
 f - a scroll of enchant armour {unknown}
 i - 4 scrolls of magic mapping
 j - a scroll of enchant weapon
 p - a scroll of fear {unknown}
 s - a scroll of immolation {unknown}
 t - a scroll of recharging {unknown}
 v - a scroll of remove curse
 H - a scroll of amnesia
Potions
 g - a potion of berserk rage
 m - 2 potions of haste
 q - 2 potions of flight
 z - a potion of curing
 A - a potion of cancellation
 B - a potion of invisibility
Books
 K - a book of Air

   Spells                             Type                      Level
   a - Shock                          Conjuration/Air              1
   b - Swiftness                      Charms/Air                   2
   c - Repel Missiles                 Charms/Air                   2
   d - Static Discharge               Conjuration/Air              3
   e - Lightning Bolt                 Conjuration/Air              5
Comestibles
 b - 6 bread rations
 n - 5 fruits
 u - 4 meat rations
 E - a royal jelly
 G - 3 slices of pizza
 L - 14 chunks of flesh


   Skills:
 + Level 7.0 Fighting
 - Level 2.4 Dodging
 - Level 1.0 Stealth
 * Level 11.5 Unarmed Combat
 + Level 5.6 Invocations


You had 7 spell levels left.
You knew the following spells:

 Your Spells              Type           Power        Failure   Level  Hunger
a - Repel Missiles        Chrm/Air       #.....       73%         2    ###....


Dungeon Overview and Level Annotations

Branches:
Dungeon (8/15)             Temple (1/1) D:5
   Lair: D:8-11

Altars:
Dithmenos
Elyvilon
Gozag
Hepliaklqana Ieoh Jian
Okawaru
Qazlal
Ru
Sif Muna
Vehumet
Xom
Zin

Shops:
D:4 (   D:8 }


Innate Abilities, Weirdness & Mutations

You are too large for most types of armour.
You have claws for hands.
Your metabolism is lightning-fast.
You like to eat raw meat.
Your natural rate of healing is unusually fast.
You are covered in fur. (AC +1)
You have very tough skin. (AC +2)


Message History

The crocodile completely misses you.
You barely miss the porcupine.
The porcupine is almost dead.
The porcupine misses you. The crocodile bites you.
* * * LOW HITPOINT WARNING * * *
You scratch the porcupine.
You kill the porcupine!
Sifu Gene Jian Bin accepts your kill.
Your Fighting skill increases to level 7!
You scratch the crocodile but do no damage.
The crocodile bites you.
* * * LOW HITPOINT WARNING * * *
You scratch the crocodile.
The crocodile is lightly wounded.
The crocodile bites you.
* * * LOW HITPOINT WARNING * * *
You mangle the crocodile!!
The crocodile is almost dead.
The crocodile bites you!
You die...

##...########............
#...## ##...........
.....# #.........#
.....## ###......##
.###..#######....)..##
.##......##......)).#
.###########........##
..# #.........# ..#
#.$..@....# ≈.#
#....†t....# ≈.#
#...........# ≈..#
#............. ...§
#............#. ≈...
#.....<....... ≈..
#............
#........PP..


You could see a crocodile.

Vanquished Creatures
  2 two-headed ogres (D:8)
  Pikel (D:5)
  Eustachio (D:5)
  Edmund (D:5)
  3 porcupines (D:8)
  4 black bears (D:8)
  A phantom (D:7)
  2 wolves (D:8)
  2 ogres
  4 centaurs
  3 bullfrogs
  7 wights
  A howler monkey (D:5)
  A crimson imp (D:3)
  A centaur skeleton (D:4)
  2 jellies (D:5)
  6 orc priests
  A hound (D:7)
  Jessica (D:2)
  3 orc wizards (D:4)
  2 worker ants
  A hound zombie (D:4)
  A hound skeleton (D:7)
  A gnoll (D:6)
  9 river rats (D:6)
  9 adders
  2 shadow imps
  3 worms
  2 dart slugs
  3 leopard geckos
  20 orcs
  10 bats
  6 giant cockroaches
  8 goblins
  5 hobgoblins
  2 iguanas
  15 jackals
  6 kobolds
  12 quokkas
  A ball python (D:5)
  A ball python skeleton (D:4)
  8 frilled lizards
  17 rats
191 creatures vanquished.

Notes
Turn   | Place    | Note
-------+----------+-------------------------------------------
     0 | D:1      | DevlanMud the Troll Monk began the quest for the Orb.
     0 | D:1      | Reached XP level 1. HP: 22/22 MP: 0/0
   125 | D:1      | Reached XP level 2. HP: 29/29 MP: 1/1
   616 | D:2      | Reached XP level 3. HP: 35/36 MP: 2/2
   657 | D:2      | Reached skill level 4 in Unarmed Combat
   686 | D:2      | Noticed Jessica
   696 | D:2      | Killed Jessica
   936 | D:2      | Found an iron altar of Okawaru.
  1034 | D:2      | Reached XP level 4. HP: 45/45 MP: 3/3
  1472 | D:3      | Found a shadowy altar of Dithmenos.
  1626 | D:3      | Reached skill level 5 in Unarmed Combat
  1626 | D:3      | Reached XP level 5. HP: 53/53 MP: 4/4
  2117 | D:4      | Reached skill level 6 in Unarmed Combat
  2117 | D:4      | Reached XP level 6. HP: 58/61 MP: 5/5
  2569 | D:4      | Found Viabburo's Weapon Boutique.
  2655 | D:4      | Reached XP level 7. HP: 60/70 MP: 6/6
  2680 | D:4      | Found a deep blue altar of Sif Muna.
  2913 | D:4      | Reached skill level 7 in Unarmed Combat
  2971 | D:5      | Entered Level 5 of the Dungeon
  3017 | D:5      | Found a staircase to the Ecumenical Temple.
  3031 | Temple   | Entered the Ecumenical Temple
  3040 | Temple   | Became a worshipper of The Ieoh Jian Council
  3040 | Temple   | Reached * piety under Ieoh Jian
  3040 | Temple   | Reached ** piety under Ieoh Jian
  3072 | D:5      | Found a shimmering altar of Xom.
  3199 | D:5      | Reached skill level 1 in Invocations
  3229 | D:5      | Noticed Pikel
  3230 | D:5      | Noticed Edmund
  3244 | D:5      | Killed Pikel
  3244 | D:5      | Reached skill level 5 in Fighting
  3244 | D:5      | Reached skill level 8 in Unarmed Combat
  3244 | D:5      | Reached XP level 8. HP: 58/80 MP: 6/8
  3250 | D:5      | Killed Edmund
  3310 | D:5      | Noticed Eustachio
  3320 | D:5      | Killed Eustachio
  3575 | D:6      | Found an opulent altar of Gozag.
  3614 | D:6      | Reached skill level 9 in Unarmed Combat
  3809 | D:6      | Found a white marble altar of Elyvilon.
  4128 | D:6      | Reached *** piety under Ieoh Jian
  4364 | D:7      | Reached XP level 9. HP: 89/89 MP: 10/10
  4536 | D:7      | Found a hazy altar of Hepliaklqana.
  4670 | D:7      | Found a stormy altar of Qazlal.
  4679 | D:7      | Learned a level 2 spell: Repel Missiles
  5029 | D:8      | Found Eddusum's Gadget Shop.
  5037 | D:8      | Reached skill level 10 in Unarmed Combat
  5059 | D:8      | Noticed a two-headed ogre
  5067 | D:8      | HP: 2/89 [two-headed ogre/giant club (14)]
  5069 | D:8      | Killed a two-headed ogre
  5282 | D:8      | Noticed a two-headed ogre
  5288 | D:8      | Killed a two-headed ogre
  5288 | D:8      | Reached skill level 11 in Unarmed Combat
  5288 | D:8      | Reached skill level 5 in Invocations
  5381 | D:8      | Reached XP level 10. HP: 67/100 MP: 12/12
  5426 | D:8      | HP: 5/102 [crocodile (5)]
  5428 | D:8      | Mangled by a crocodile

Vault maps used:
D:1:      minmay_arrival_arboretum_small
D:2:      okawaru_trees_2, first_bread, uniq_jessica
D:3:      grunt_dithmenos_smoke
D:4:      tgw_sif, serial_shops, kennysheep_mini_moat,
          hangedman_abyss_or_decor_stagger
D:5:      serial_bayou_pond_d, dk_xom_monty_hall, uniq_eustachio, uniq_pikel,
          uniq_edmund
D:6:      lemuel_ratsnest, nicolae_gozag_seed_capital, elyvilon_altar_4
D:7:      nicolae_qazlal_general_emergency, kennysheep_mini
D:8:      minmay_weird_star, dancing_weapons_uskayaw, minmay_lair_entry_grove,
          serial_shops, shop, the_bakery
Temple:   zaba_magenta_temple

Skill      XL: |  1  2  3  4  5  6  7  8  9 10 |
---------------+-------------------------------+-----
Unarmed Combat | 4 5 6 8 9 11 | 11.5
Fighting       | 3 4 5 6 7 |  7.0
Invocations    | 2 3 5 |  5.6
Dodging        | |  2.4
Stealth        | |  1.0

Action                   |  1- 3 |  4- 6 |  7- 9 | 10-12 || total
-------------------------+-------+-------+-------+-------++-------
Melee: Unarmed           |    79 |   172 |   211 |    34 ||   496
       Punch             |     2 |     2 |     6 |     2 ||    12
Evoke: Wand              |       |     4 |     1 |       ||     5
  Use: Scroll            |     1 |     3 |     6 |       ||    10
       Potion            |       |     1 |     4 |       ||     5
 Stab: Sleeping          |     1 |     4 |     5 |       ||    10
       Confused          |       |     2 |       |       ||     2
  Eat: Chunk             |    15 |    14 |    26 |       ||    55
Armor: Robe              |    26 |    67 |    68 |    20 ||   181
       Skin              |       |    24 |     3 |       ||    27
Dodge: Dodged            |    35 |    94 |    96 |    29 ||   254
